 Dungeon Crawl Stone Soup version 0.30-a0-1016-gfb0d676c02 (webtiles) character file.

Game seed: 7662581666952447311

220236 cforsyth the Stormcaller (level 19, 0/137 HPs)
             Began as an Octopode Summoner on Apr 6, 2023.
             Was an Initiate of Gozag.
             Slain by a six-headed hydra simulacrum (1 damage)
             ... on level 4 of the Swamp.
             The game lasted 02:23:47 (54729 turns).

cforsyth the Stormcaller (Octopode Summoner)       Turns: 54729, Time: 02:23:48

Health: 0/137      AC: 19    Str: 10    XL:     19   Next: 17%
Magic:  24/43      EV: 25    Int: 38    God:    Gozag
Gold:   3062       SH:  5    Dex:  8    Spells: 4/40 levels left

rFire   + + +      SeeInvis +      - Unarmed
rCold   . . .      Faith    .    (shield currently unavailable)
rNeg    + + +      Spirit   .    E - melded +2 hat of Wonder {rF+ rC+ Dex+3}
rPois   ∞          Reflect  +    o - amulet of reflection
rElec   +          Rampage  .    z - ring of wizardry
rCorr   .                        O - +6 ring of intelligence
Will    ++...                    X - ring "Eqid" {Wiz rElec rN++ Int+3 Dex-4}
Stlth   +++                      n - ring of see invisible
HPRegen 0.42/turn                j - ring "Sedih" {Fly rF+++ rN+ Stlth+}
MPRegen 0.28/turn                i - ring of magical power
                                 U - ring of willpower
                                 p - +6 ring of intelligence

@: storm-form, forested, flying
A: cleaving, insubstantial, flying, almost no armour, amphibious, 8 rings,
(camouflage 1), (gelatinous body 1), (nimble swimmer 1), (tentacles), noise
suppression
}: 1/15 runes: gossamer
a: Blinkbolt, End Transformation, Renounce Religion, Potion Petition, Call
Merchant, Bribe Branch


You were on level 4 of the Swamp.
You worshipped Gozag.
Gozag was most pleased with you.
You were a lightning-filled tempest!
You visited 6 branches of the dungeon, and saw 31 of its levels.
You also visited: Gauntlet and Ice Cave.

You collected 11199 gold pieces.
You spent 995 gold pieces at shops.
You paid 7142 gold pieces to Gozag.

Inventory:

Hand Weapons
 T - the +3 dagger of a Million Tables {pain, Dex+2}
   (You found it on level 5 of the Lair of Beasts)

   Dex:       It affects your dexterity (+2).
Armour
 E - the +2 hat of Wonder (melded) {rF+ rC+ Dex+3}
   (You found it on level 1 of the Orcish Mines)

   Dex:       It affects your dexterity (+3).
   rF:        It protects you from fire.
   rC:        It protects you from cold.
 Z - the +5 kite shield "Orajayd" {rF+ rC+ Int+3 SInv}
   (You took it off Donald on level 1 of the Spider Nest)

   Int:       It affects your intelligence (+3).
   rF:        It protects you from fire.
   rC:        It protects you from cold.
   SInv:      It lets you see invisible.
Jewellery
 d - a ring of protection from cold
 i - a ring of magical power (on tentacle)
 j - the ring "Sedih" (on tentacle) {Fly rF+++ rN+ Stlth+}
   (You took it off a minotaur in a Gauntlet)

   [ring of flight]

   rF:        It renders you almost immune to fire.
   rN:        It protects you from negative energy.
   Fly:       It grants you flight.
   Stlth:     It makes you more stealthy.
 n - a ring of see invisible (on tentacle)
 o - an amulet of reflection (around neck)
 p - a +6 ring of intelligence (on tentacle)
 u - the ring of Xeeburux {Fire rN+}
   (You found it in a Gauntlet)

   [ring of fire]

   It enhances your fire magic.
   rF:        It protects you from fire.
   rC:        It makes you vulnerable to cold.
   rN:        It protects you from negative energy.
 y - a ring of flight
 z - a ring of wizardry (left tentacle)
 B - a +5 ring of evasion
 D - an amulet of regeneration
 O - a +6 ring of intelligence (right tentacle)
 P - a +4 ring of protection
 R - a ring of protection from fire
 S - a +4 ring of slaying
 U - a ring of willpower (on tentacle)
 X - the ring "Eqid" (on tentacle) {Wiz rElec rN++ Int+3 Dex-4}
   (You bought it in a shop on level 1 of the Lair of Beasts)

   [ring of wizardry]

   It improves your spell success rate.
   Int:       It affects your intelligence (+3).
   Dex:       It affects your dexterity (-4).
   rElec:     It insulates you from electricity.
   rN:        It greatly protects you from negative energy.
Wands
 q - a wand of paralysis (41)
 A - a wand of mindburst (25)
 C - a wand of roots (36)
 G - a wand of polymorph (31)
 I - a wand of light (10)
 J - a wand of flame (19)
 K - a wand of digging (4)
Scrolls
 b - 7 scrolls of vulnerability
 f - 6 scrolls of poison
 l - 7 scrolls of fog
 m - 15 scrolls of teleportation
 s - 5 scrolls of enchant armour
 v - 2 scrolls of silence
 x - 3 scrolls of blinking
 N - 4 scrolls of butterflies
 Q - 5 scrolls of fear
 V - a scroll of magic mapping
 Y - 5 scrolls of amnesia
Potions
 a - 3 potions of magic
 c - 5 potions of haste
 e - 5 potions of attraction
 g - 10 potions of curing
 h - 12 potions of flight
 k - 5 potions of ambrosia
 r - 6 potions of lignification
 t - 4 potions of cancellation
 w - 6 potions of mutation
 F - a potion of invisibility
 H - 10 potions of heal wounds
 L - 5 potions of resistance
 M - 3 potions of brilliance
 W - a potion of berserk rage


   Skills:
 + Level 14.5 Fighting
 + Level 14.6 Dodging
 - Level 2.6 Stealth
 + Level 8.6 Unarmed Combat
 - Level 11.0 Spellcasting
 - Level 5.0 Hexes
 - Level 12.4 Summonings
 - Level 3.5 Translocations
 - Level 14.1 Transmutations
 - Level 15.0 Air Magic


You had 4 spell levels left.
You knew the following spells:

 Your Spells              Type           Power      Damage    Failure   Level
a - Storm Form            Tmut/Air       46%        N/A       1%          7
b - Call Imp              Summ           86%        N/A       0%          2
c - Call Canine Familiar  Summ           86%        N/A       1%          3
d - Summon Guardian Gole  Hex/Summ       72%        N/A       1%          3
e - Summon Lightning Spi  Summ/Air       90%        N/A       1%          4
f - Summon Forest         Summ/Tloc      34%        N/A       1%          5
g - Summon Cactus Giant   Summ           43%        N/A       1%          6
h - Summon Mana Viper     Hex/Summ       72%        N/A       1%          5
i - Summon Small Mammal   Summ           100%       N/A       0%          1

Your spell library contained the following spells:

 Spells                   Type           Power      Damage    Failure   Level
 Beastly Appendage        Tmut           100%       N/A       0%          1
 Wereblood                Tmut           91%        N/A       0%          2
 Necrotise                Necr           80%        1d8       1%          1
 Sandblast                Erth           40%        2d10      1%          1
 Passwall                 Tmut/Erth      54%        N/A       1%          2
 Dazzling Flash           Conj/Hex       78%        N/A       1%          3
 Spider Form              Tmut/Pois      65%        N/A       1%          3
 Stone Arrow              Conj/Erth      40%        3d9       1%          3
 Vampiric Draining        Necr           20%        2d7       1%          3
 Volatile Blastmotes      Fire/Tloc      68%        2d15      1%          3
 Airstrike                Air            47%        2d(7-23)  1%          4
 Cause Fear               Hex            28%        N/A       1%          4
 Petrify                  Tmut/Erth      65%        N/A       1%          4
 Summon Ice Beast         Ice/Summ       61%        N/A       1%          4
 Iskenderun's Mystic Bla  Conj/Tloc      34%        2d8       2%          4
 Dragon Form              Tmut           45%        N/A       1%          7
 Summon Hydra             Summ           43%        N/A       2%          7
 Eringya's Noxious Bog    Tmut/Pois      32%        N/A       4%          6
 Statue Form              Tmut/Erth      43%        N/A       4%          6
 Metabolic Englaciation   Hex/Ice        19%        N/A       5%          5
 Maxwell's Capacitive Co  Air            47%        ∞         7%          8
 Agony                    Necr           20%        N/A       13%         5
 Borgnjor's Vile Clutch   Necr/Erth      10%        N/A       13%         5
 Iskenderun's Battlesphe  Conj           20%        2d7       13%         5
 Malign Gateway           Summ/Tloc      34%        N/A       16%         7
 Summon Horrible Things   Summ           43%        N/A       19%         8
 Haunt                    Necr/Summ      30%        N/A       30%         7
 Spellforged Servitor     Conj/Summ      30%        N/A       30%         7
 Iron Shot                Conj/Erth      10%        9d3       54%         6
 Starburst                Conj/Fire      10%        6d5       54%         6
 Dragon's Call            Summ           43%        N/A       94%         9
 Infestation              Necr           10%        N/A       100%        8
 Lehudib's Crystal Spear  Conj/Erth      10%        10d4      100%        8
 Animate Armour           Summ/Erth      Unusable   N/A       N/A         4
 Animate Dead             Necr           Unusable   N/A       N/A         4

Dungeon Overview and Level Annotations

Branches:
Dungeon (15/15)            Temple (1/1) D:6            Lair (5/5) D:11
  Swamp (4/4) Lair:3       Spider (4/4) Lair:2        Slime (0/5) Lair:5
    Orc (2/2) D:11            Elf (0/3) Orc:2        Vaults (0/5) D:14
 Depths (0/4) D:15          IceCv (visited)         Gauntlet (visited)

Altars:
Ashenzari
Cheibriados
Dithmenos
Elyvilon
Fedhas
Gozag
Hepliaklqana
Kikubaaqudgha
Makhleb
Nemelex Xobeh
Okawaru
Qazlal
Ru
Sif Muna
Trog
Uskayaw
Vehumet
Wu Jian
Xom
Yredelemnul
Zin
The Shining One
Jiyva

Shops:
D:6 !![(?   D:12 :   Orc:2 (**[[=   Lair:1 :==**:=

Portals:
Hell: Lair:5
Trove: D:15 (show abyssal rune of Zot)

Annotations:
D:6 1 runed translucent door, benadryl's ghost, novice DrCj
D:10 1 runed translucent door


Innate Abilities, Weirdness & Mutations

You are a lightning-filled tempest!
Your electrical attacks strike out in all directions at once.
You are incredibly evasive.
Your insubstantial body is immune to petrification, constriction, and being set on fire You are flying.
You are immune to poison.
Your armour is entirely melded.
You are incapable of wielding weapons or throwing items.
You cannot wear most types of armour.
You are amphibious.
You can wear up to eight rings at the same time.
((Your skin changes colour to match your surroundings (Stealth+).))
((Your rubbery body absorbs attacks. (AC +1, EV +1)))
((You are camouflaged when in or above water. (Stealth+)))
((You have tentacles for arms and can constrict up to eight enemies at once.))
You passively dampen the noise of your surroundings.


Message History

A six-headed hydra simulacrum is nearby!
A six-headed hydra simulacrum is nearby!
A six-headed hydra simulacrum is nearby!
Casting: Summon Forest (mildly dangerous; 1% risk of failure)
Confirm with . or Enter, or press ? or * to list all spells.
Casting: Summon Cactus Giant (mildly dangerous; 1% risk of failure)
Confirm with . or Enter, or press ? or * to list all spells.
A forested plane collides here with a resounding crunch!
Your dryad calls out to the forest.
The forest starts to sway and rumble!
Casting: Summon Forest (mildly dangerous; 1% risk of failure)
Confirm with . or Enter, or press ? or * to list all spells.
A mana viper appears with a sibilant hiss.
No target in view!
You feel roots moving beneath the ground.
No target in view!
No target in view!
No target in view!
The six-headed hydra simulacrum bites you but does no damage.
The six-headed hydra simulacrum completely misses you.
The six-headed hydra simulacrum bites you.
The six-headed hydra simulacrum freezes you!!
The six-headed hydra simulacrum bites you.
The six-headed hydra simulacrum freezes you!!
The six-headed hydra simulacrum bites you!
The six-headed hydra simulacrum freezes you!!!
* * * LOW HITPOINT WARNING * * *
You block the six-headed hydra simulacrum's attack.
You are too injured to fight recklessly!
You are too injured to fight recklessly!
You batter the six-headed hydra simulacrum!!
The six-headed hydra simulacrum is heavily damaged.
The six-headed hydra simulacrum completely misses you.
The six-headed hydra simulacrum bites you.
* * * LOW HITPOINT WARNING * * *
The six-headed hydra simulacrum freezes you!!
* * * LOW HITPOINT WARNING * * *
The six-headed hydra simulacrum bites you.
You die...
Your body crumbles into a pile of gold.

.~~~~~~.~. ♣♣)....♣♣ ♣♣≈≈
.~~§§~~~~~~ ♣...§♣.♣♣♣≈≈≈
~~~~~~~~§~~. ♣~...♣♣♣.♣≈≈≈♣
~~§~~~~~~~~♣♣♣ ♣..~.♣♣♣♣?.≈≈♣
~~~~~~~~~~~.~.♣♣♣♣♣♣..~~.♣ ♣♣..≈≈
~~~~~~~~~..~.$.♣♣..~♣~~.♣♣ ♣♣..♣
~§~~~~~~~.§..$..♣~~.~....♣ ♣♣≈≈.≈
~~~~..~~~~$♣..SR~~~~.~♣~♣♣♣♣≈≈.≈♣
~~~~.~~~~~.~~..♣v~~~♣♣♣♣♣ ♣≈≈≈.≈≈
~~~..♣♣~~~~♣♣♣♣Z~~~~.♣..♣♣♣♣≈≈≈..
~~~~.♣ ♣~♣ ♣♣♣♣~~~~~..♣♣.....≈≈.≈
..~~.♣ ♣ ♣♣~.~~~~♣~.♣..♣♣.....≈≈
♣♣~~~.~ ~~.~~......♣.♣♣♣♣♣♣♣≈≈♣
~~~.~ ♣~~.......~..♣ ♣♣≈≈ ♣♣♣♣♣~~
♣.~~.~~~....♣♣♣ ♣♣♣ ♣.♣ ♣♣
♣♣♣♣~.~~~~~...♣♣ .~♣
♣♣...~~~~~§.~~.♣


You could see a six-headed hydra simulacrum (ally target), a friendly dryad
(summoned) and a friendly mana viper (summoned).

Vanquished Creatures
  Mara (Spider:3)
  A thorn hunter (Swamp:1)
  Agnes (Spider:4)
  Kirke (D:15)
  Roxanne (Swamp:3)
  7 emperor scorpions
  2 ghost moths (Spider:4)
  2 ghouls (Swamp:1)
  A broodmother (Spider:4)
  Nessos (D:13)
  2 bunyips (Swamp:4)
  2 entropy weavers
  2 shambling mangroves
  An ice dragon (Swamp:4)
  A vault guard (D:14)
  4 hydras
  2 centaur warriors
  A jorogumo (Spider:3)
  9 alligators
  A radroach (Lair:2)
  A tengu warrior (D:14)
  A boulder beetle (Spider:3)
  4 spriggans
  3 pharaoh ants
  A shadow wraith (D:15)
  4 goliath frogs
  A spriggan druid (Swamp:3)
  7 orb spiders
  2 bog bodies
  A wizard (D:15)
  3 swamp dragons
  A spectral wolf spider (Spider:2)
  A steelbarb worm (Spider:3)
  2 deep elf pyromancers (D:15)
  3 wolf spider zombies (Spider:2)
  13 wolf spiders
  3 will-o-the-wisps
  An ugly thing (D:14)
  A moth of wrath (Spider:1)
  3 naga magi (D:15)
  A black mamba (Lair:1)
  2 torpor snails
  3 demonic crawlers
  An efreet (D:13)
  3 freezing wraiths
  A yaktaur (D:13)
  5 meliai
  6 tyrant leeches
  9 tarantellas
  3 hornets
  A raiju (Gauntlet)
  A slime creature (D:13)
  10 culicivoras
  10 jumping spiders
  2 vampire mosquitoes (Swamp:2)
  41 redbacks
  4 swamp worm simulacra (Swamp:4)
  9 swamp worms
  6 hydra simulacra (Swamp:4)
  2 swamp drakes (Swamp:1)
  2 centaurs (D:14)
  A phantom (D:6)
  A wight (D:5)
  An orc priest (D:7)
  An orc wizard (D:14)
  2 adders
  3 swamp drake simulacra (Swamp:4)
  A dart slug (D:3)
  3 orcs
  A bat (D:2)
  5 hobgoblins
  2 jackals (D:1)
  A kobold (D:1)
  A ball python (D:2)
  2 rats (D:2)
246 creatures vanquished.

Vanquished Creatures (collateral kills)
  Arachne (Spider:3)
  Rupert (D:12)
  Frances (D:13)
  Donald (Spider:1)
  2 emperor scorpions (Spider:4)
  A ghost moth (Spider:4)
  3 orc warlords
  Aizul (Swamp:3)
  A ghoul (Swamp:1)
  A broodmother (Spider:1)
  A bunyip (Swamp:3)
  A dire elephant (Lair:5)
  2 spark wasps
  A minotaur (Gauntlet)
  A great orb of eyes (Gauntlet)
  3 vault guards (D:14)
  3 entropy weavers
  9 hydras
  A jorogumo (Spider:2)
  A ghost crab (Swamp:2)
  A hell beast (Gauntlet)
  3 satyrs (D:15)
  5 boulder beetles
  3 radroaches
  2 centaur warriors
  4 two-headed ogres
  2 alligators
  A death scarab (Spider:4)
  3 death yaks (Lair:5)
  Urug (D:10)
  6 orc high priests
  Sonja (Orc:1)
  A sun demon (Lair:5)
  A skyshark (Lair:4)
  2 skeletal warriors (D:12)
  3 spriggan druids
  2 swamp dragons
  Pikel (D:8)
  2 bog bodies (Swamp:1)
  A wizard (Lair:5)
  A necromancer (D:15)
  9 orc knights
  4 orb spiders
  4 wolf spider zombies (Spider:2)
  9 ugly things
  2 steelbarb worms
  3 spectral wolf spiders (Spider:2)
  4 deep elf pyromancers
  10 wolf spiders
  6 orc sorcerers (Orc:2)
  2 manticores (D:13)
  3 elephants (Lair:2)
  A will-o-the-wisp (Swamp:1)
  8 cyclopes
  2 moths of wrath
  2 ice statues (IceCv)
  3 black mambas (Lair:5)
  Maurice (D:8)
  7 demonic crawlers
  A centaur skeleton (D:15)
  Maggie (D:8)
  4 torpor snails
  2 orange demons (Lair:5)
  An unseen horror (D:10)
  3 rime drakes
  A gargoyle (D:12)
  8 cane toads
  A kobold demonologist (D:12)
  A redback zombie (D:15)
  2 ice devils (Lair:5)
  2 freezing wraiths
  11 komodo dragons
  2 anaconda simulacra (IceCv)
  A tengu conjurer (D:14)
  3 tyrant leeches
  A hellwing (Lair:5)
  A red devil (Lair:5)
  2 polar bears
  9 trolls
  A wolf spider simulacrum (Spider:2)
  10 blink frogs
  7 hornets
  A hornet (shapeshifter) (D:14)
  13 tarantellas
  3 meliai
  7 dream sheep
  Sigmund (D:3)
  17 slime creatures
  12 jumping spiders
  A centaur simulacrum (D:15)
  5 spriggans
  3 wraiths
  11 culicivoras
  A shadow (D:13)
  3 wyverns
  29 yaks
  2 vampires (D:11)
  4 hogs (D:15)
  2 vampire mosquitoes (D:11)
  3 steam dragons
  28 redbacks
  2 death yak simulacra (IceCv)
  6 wargs (Orc:2)
  A swamp worm (Swamp:1)
  Menkaure (D:7)
  5 acid dragons
  6 hell hounds
  Duvessa (D:7)
  3 hydra simulacra (Swamp:4)
  8 water moccasins
  A nameless horror (Lair:2)
  3 ice beasts
  27 orc warriors
  A sky beast (D:6)
  A black bear (D:7)
  11 ogres
  17 wolves
  4 centaurs
  A phantom (D:5)
  A lemure (D:8)
  6 kobold brigands
  6 bullfrogs
  3 scorpions
  A necrophage (Swamp:1)
  4 wights
  Dowan (D:7)
  10 killer bees
  An elephant simulacrum (IceCv)
  5 electric eels
  10 hounds
  17 orc priests
  A jelly (D:3)
  A sleepcap (D:4)
  2 iguanas
  24 orc wizards
  2 human skeletons (D:10)
  12 adders
  2 shadow imps
  2 white imps (D:6)
  An ufetubus (D:5)
  A swamp drake simulacrum (Swamp:4)
  3 worms
  A dart slug (D:3)
  52 orcs
  7 bats
  2 endoplasms (D:2)
  3 giant cockroaches
  6 goblins
  5 hobgoblins
  6 jackals
  25 kobolds
  3 quokkas
  3 ball pythons
  A goblin zombie (D:10)
  9 rats
  A bush (Lair:4)
722 creatures vanquished.

Vanquished Creatures (others)
  A ghost crab (Swamp:4)
  A death yak (Lair:5)
  A shadow wraith (D:15)
  A skeletal warrior (D:12)
  Lodul (D:10)
  A wolf spider (Spider:4)
  A manticore (D:11)
  Joseph (D:7)
  A jumping spider (Spider:1)
  2 slime creatures (D:12)
  6 yaks
  A water moccasin (D:7)
  An orc warrior (D:7)
  An ice beast (D:5)
  A black bear (D:4)
  3 ogres
  A wight (D:5)
  A jelly (D:8)
  An iguana (D:5)
  2 kobolds (D:9)
  A bush (Lair:5)
  17 foxfires
  70 fungi
  47 plants
  31 snaplasher vines
195 creatures vanquished.

Grand Total: 1163 creatures vanquished

Notes
Turn   | Place    | Note
-------+----------+-------------------------------------------
     0 | D:1      | cforsyth the Octopode Summoner began the quest for the Orb.
     0 | D:1      | Reached XP level 1. HP: 11/11 MP: 3/3
    80 | D:1      | Reached XP level 2. HP: 17/17 MP: 3/5
    83 | D:1      | Learned a level 2 spell: Call Imp
   668 | D:1      | Reached XP level 3. HP: 9/21 MP: 1/6
   672 | D:1      | Learned a level 3 spell: Call Canine Familiar
  1543 | D:2      | Reached XP level 4. HP: 27/27 MP: 4/8
  1868 | D:2      | Reached skill level 5 in Summonings
  2163 | D:3      | Noticed Sigmund
  2175 | D:3      | Learned a level 3 spell: Summon Guardian Golem
  2255 | D:3      | Reached XP level 5. HP: 31/31 MP: 7/10
  2402 | D:3      | Killed Sigmund
  2403 | D:3      | Reached XP level 6. HP: 17/36 MP: 7/12
  2495 | D:3      | Learned a level 4 spell: Summon Lightning Spire
  2813 | D:4      | Reached skill level 1 in Air Magic
  3270 | D:4      | Reached XP level 7. HP: 41/41 MP: 10/13
  3501 | D:5      | Entered Level 5 of the Dungeon
  3976 | D:4      | Reached skill level 2 in Air Magic
  4368 | D:5      | Reached skill level 5 in Spellcasting
  4368 | D:5      | Reached XP level 8. HP: 46/46 MP: 7/15
  4727 | D:5      | Found a stormy altar of Qazlal.
  4735 | D:5      | Reached skill level 3 in Air Magic
  5170 | D:5      | Reached skill level 4 in Air Magic
  5492 | D:5      | Reached skill level 5 in Hexes
  5492 | D:5      | Reached XP level 9. HP: 51/51 MP: 17/17
  5582 | D:5      | Found an opulent altar of Gozag.
  5686 | D:6      | Found a glowing golden altar of the Shining One.
  5712 | D:6      | Found Ikin's Magic Scroll Shop.
  5811 | D:6      | Found Turir's Antique Armour Emporium.
  5907 | D:6      | Found a staircase to the Ecumenical Temple.
  6045 | Temple   | Entered the Ecumenical Temple
  6266 | D:5      | Became a worshipper of Gozag Ym Sagoz the Greedy
  6630 | D:6      | Found Keyret's Distillery.
  6647 | D:6      | Found Goucowau's Antique Weapon Shop.
  6749 | D:6      | Reached skill level 5 in Air Magic
  6930 | D:6      | Found Sozeesun's Distillery.
  6995 | D:6      | Found a runed translucent door.
  6999 | D:6      | Noticed benadryl's ghost (novice DrCj)
  7475 | D:7      | Found a blossoming altar of Fedhas.
  7583 | D:7      | Noticed Duvessa
  7603 | D:7      | Killed Duvessa
  7626 | D:7      | Noticed Dowan
  7634 | D:7      | Killed Dowan
  7782 | D:7      | Found a shadowy altar of Dithmenos.
  8185 | D:7      | Noticed Menkaure
  8194 | D:7      | Killed Menkaure
  8316 | D:7      | Reached XP level 10. HP: 39/56 MP: 11/21
  8388 | D:7      | Noticed Joseph
  8398 | D:7      | Killed Joseph
  8721 | D:8      | Noticed Pikel
  8749 | D:8      | Killed Pikel
  8825 | D:8      | Noticed Maurice
  8834 | D:8      | Noticed Maggie
  8841 | D:8      | Killed Maggie
  8842 | D:8      | Reached skill level 10 in Summonings
  8847 | D:8      | Killed Maurice
  8995 | D:8      | Found a radiant altar of Vehumet.
  9246 | D:8      | Found an ancient bone altar of Kikubaaqudgha.
  9487 | D:9      | Reached XP level 11. HP: 61/61 MP: 23/26
  9488 | D:9      | Reached skill level 5 in Fighting
  9488 | D:9      | Reached XP level 12. HP: 78/78 MP: 23/27
 10052 | D:9      | Found a sacrificial altar of Ru.
 10597 | D:9      | You fall into a shaft and drop 3 floors!
 10599 | D:12     | Identified a scroll of acquirement
 10599 | D:12     | Acquired cforsyth's Anthology of Accompaniment
 10648 | D:12     | Found a gate leading to a gauntlet.
 10706 | Gauntlet | Entered a Gauntlet
 10706 | Gauntlet | Found a transporter.
 10706 | Gauntlet | Found a transporter.
 10809 | Gauntlet | Found a transporter.
 10824 | Gauntlet | Found a transporter.
 10835 | Gauntlet | Found a large runed translucent door.
 10836 | Gauntlet | Found a large runed translucent door.
 10837 | Gauntlet | Found a large runed translucent door.
 10837 | Gauntlet | Found a large runed translucent door.
 10837 | Gauntlet | Found a large runed translucent door.
 10837 | Gauntlet | Found a large runed translucent door.
 10837 | Gauntlet | Found a large runed translucent door.
 10837 | Gauntlet | Found a large runed translucent door.
 10838 | Gauntlet | Found a runed translucent door.
 10838 | Gauntlet | Found a runed translucent gate.
 10839 | Gauntlet | Found a transporter.
 10839 | Gauntlet | Found a runed translucent gate.
 10839 | Gauntlet | Found a transporter.
 10839 | Gauntlet | Found a transporter.
 10841 | Gauntlet | Found a transporter.
 10841 | Gauntlet | Found a transporter.
 10846 | Gauntlet | Noticed a great orb of eyes
 10848 | Gauntlet | Noticed a hell beast
 10853 | Gauntlet | Noticed an entropy weaver
 10854 | Gauntlet | Found a transporter.
 10870 | Gauntlet | Found a transporter.
 10880 | Gauntlet | Found a transporter.
 10894 | Gauntlet | Found a transporter.
 10906 | Gauntlet | Found a large runed translucent door.
 10907 | Gauntlet | Found a large runed translucent door.
 10908 | Gauntlet | Found a large runed translucent door.
 10908 | Gauntlet | Found a large runed translucent door.
 10908 | Gauntlet | Found a large runed translucent door.
 10908 | Gauntlet | Found a large runed translucent door.
 10909 | Gauntlet | Found a large runed translucent door.
 10909 | Gauntlet | Found a large runed translucent door.
 10909 | Gauntlet | Found a runed translucent gate.
 10909 | Gauntlet | Found a runed translucent door.
 10914 | Gauntlet | Found a transporter.
 11239 | Gauntlet | Killed a hell beast
 11240 | Gauntlet | Reached XP level 13. HP: 24/86 MP: 17/28
 11770 | Gauntlet | Learned a level 5 spell: Summon Mana Viper
 11776 | Gauntlet | Learned a level 5 spell: Summon Forest
 11783 | Gauntlet | Learned a level 6 spell: Summon Cactus Giant
 12055 | Gauntlet | Killed a great orb of eyes
 12186 | Gauntlet | Identified the ring of Xeeburux {Fire rN+}
 12202 | Gauntlet | Gained mutation: You passively dampen the noise of your
                  | surroundings. [potion of mutation]
 12214 | Gauntlet | Identified the ring "Sedih" {Fly rF+++ rN+ Stlth+}
 12214 | Gauntlet | Noticed a minotaur
 12240 | Gauntlet | Killed a minotaur
 12804 | D:10     | Entered Level 10 of the Dungeon
 13020 | D:10     | Noticed Lodul
 13040 | D:10     | Killed Lodul
 13947 | D:10     | Found a hide-covered altar of Uskayaw.
 14099 | D:10     | Noticed Urug
 14115 | D:10     | Killed Urug
 14246 | D:10     | Found a runed translucent door.
 14257 | D:10     | Found a basalt altar of Yredelemnul.
 15357 | D:11     | Found a staircase to the Lair.
 15927 | D:11     | Found a staircase to the Orcish Mines.
 16114 | D:11     | Reached skill level 10 in Dodging
 16754 | D:12     | Noticed Rupert
 16762 | D:12     | Reached skill level 10 in Fighting
 16907 | D:12     | Found Jutitir's Book Boutique.
 16942 | D:12     | Killed Rupert
 17473 | D:12     | Found an opulent altar of Gozag.
 17810 | D:12     | Reached XP level 14. HP: 83/99 MP: 11/29
 18358 | Lair:1   | Entered Level 1 of the Lair of Beasts
 18403 | Lair:1   | Upgraded the game from 0.30-a0-1008-g30c9307041 to
                  | 0.30-a0-1016-gfb0d676c02
 19883 | Lair:2   | Reached skill level 1 in Translocations
 20066 | Lair:2   | Found a hole to the Spider Nest.
 21349 | Lair:3   | Found a frozen archway.
 21469 | IceCv    | Entered an ice cave
 21606 | IceCv    | Found a transporter.
 21622 | IceCv    | Found a transporter.
 22249 | Lair:3   | Found a staircase to the Swamp.
 23287 | Lair:4   | Reached skill level 1 in Transmutations
 24211 | Lair:5   | Entered Level 5 of the Lair of Beasts
 24357 | Lair:5   | Reached skill level 6 in Air Magic
 25621 | Lair:5   | Reached skill level 7 in Air Magic
 25777 | Lair:5   | Found a staircase to the Slime Pits.
 25777 | Lair:5   | Found a viscous altar of Jiyva.
 25884 | Lair:5   | Reached skill level 5 in Transmutations
 25898 | Lair:5   | Identified the +3 dagger of a Million Tables {pain, Dex+2}
 25923 | Lair:5   | Reached XP level 15. HP: 108/108 MP: 14/30
 25931 | Lair:5   | Learned a level 7 spell: Storm Form
 26394 | Lair:5   | Reached skill level 8 in Air Magic
 26862 | Lair:5   | Found a burning altar of Makhleb.
 27263 | Lair:5   | Found a gateway to Hell.
 27564 | Orc:1    | Entered Level 1 of the Orcish Mines
 27569 | Orc:1    | Noticed Sonja
 27575 | Orc:1    | Killed Sonja
 27577 | Orc:1    | Reached skill level 9 in Air Magic
 27756 | Orc:2    | Entered Level 2 of the Orcish Mines
 27756 | Orc:2    | Found a staircase to the Elven Halls.
 28078 | Orc:1    | Found a transporter.
 28080 | Orc:1    | Found a transporter.
 28081 | Orc:1    | Noticed an orc warlord
 28197 | Orc:2    | Found Duekoud's General Store.
 28216 | Orc:2    | Noticed an orc warlord
 28463 | Orc:2    | Killed an orc warlord
 28826 | Orc:2    | Found Geoqau's Antique Armour Shoppe.
 29723 | Orc:2    | Found Kaesyunwa's Jewellery Emporium.
 29933 | Orc:2    | Reached skill level 10 in Air Magic
 30063 | Orc:2    | Found Ruogrine's Antique Weapon Shop.
 30481 | Orc:2    | Found Curphigud's Assorted Antiques.
 30481 | Orc:2    | Found Junos's Armour Boutique.
 30514 | Orc:2    | Noticed an orc warlord
 30526 | Orc:2    | Killed an orc warlord
 31392 | D:13     | Noticed Frances
 31410 | D:13     | Killed Frances
 32169 | D:13     | Reached skill level 11 in Air Magic
 32522 | D:13     | Reached XP level 16. HP: 114/114 MP: 17/31
 32567 | D:13     | Reached skill level 10 in Transmutations
 32732 | D:13     | Noticed Nessos
 32742 | D:13     | Killed Nessos
 33684 | D:14     | Found a gate to the Vaults.
 34620 | D:14     | Found a white marble altar of Elyvilon.
 34890 | D:14     | Reached skill level 12 in Air Magic
 35137 | D:15     | Entered Level 15 of the Dungeon
 35142 | D:15     | Found a portal to a secret trove of treasure.
 35439 | D:15     | Noticed Kirke
 35449 | D:15     | Killed Kirke
 35769 | D:15     | Found the +5 robe of Night {Dark Will+ SInv}
 36135 | D:15     | Found a staircase to the Depths.
 37332 | Orc:1    | Identified the +2 hat of Wonder {rF+ rC+ Dex+3}
 37508 | Lair:1   | Bought the ring "Eqid" {Wiz rElec rN++ Int+3 Dex-4} for 995
                  | gold pieces
 37755 | Spider:1 | Entered Level 1 of the Spider Nest
 37776 | Lair:2   | Reached skill level 13 in Air Magic
 40288 | Spider:1 | Reached XP level 17. HP: 90/119 MP: 6/32
 40292 | Spider:1 | Identified the +5 kite shield "Orajayd" {rF+ rC+ Int+3
                  | SInv}
 40292 | Spider:1 | Noticed Donald
 40966 | Spider:1 | Killed Donald
 41503 | Spider:2 | Reached skill level 14 in Air Magic
 43873 | Spider:2 | Reached skill level 1 in Unarmed Combat
 45036 | Spider:3 | Reached skill level 15 in Air Magic
 45320 | Spider:3 | Noticed Arachne
 45357 | Spider:3 | Killed Arachne
 45361 | Spider:3 | Noticed Mara
 45362 | Spider:3 | Noticed cforsyth's illusion
 45711 | Spider:3 | Noticed cforsyth's illusion
 45723 | Spider:3 | Killed Mara
 46412 | Spider:4 | Entered Level 4 of the Spider Nest
 46415 | Spider:4 | Noticed Agnes
 46434 | Spider:4 | Killed Agnes
 46723 | Spider:4 | Reached XP level 18. HP: 127/127 MP: 22/33
 47270 | Spider:4 | Got the Discourse on Charnel Thunder
 47465 | Spider:4 | Reached skill level 5 in Unarmed Combat
 48978 | Spider:4 | Got a gossamer rune of Zot
 49311 | Swamp:1  | Entered Level 1 of the Swamp
 52053 | Swamp:3  | Noticed Roxanne
 52106 | Swamp:3  | Noticed Aizul
 52117 | Swamp:3  | Killed Aizul
 52888 | Swamp:3  | Killed Roxanne
 53074 | Swamp:4  | Entered Level 4 of the Swamp
 53080 | Swamp:4  | Reached XP level 19. HP: 136/136 MP: 27/34
 54729 | Swamp:4  | HP: 1/137 [six-headed hydra simulacrum (24)]
 54729 | Swamp:4  | Slain by a six-headed hydra simulacrum

Illustrated notes

Levels and vault maps discovered:
D:1:      spicycebolla_arrival_ecumenical, layout_loops_cross
D:2:      layout_basic, serial_glass, glass_columns_c, glass_columns_a,
          item_on_display_a, item_on_display_a, feat_on_display
D:3:      layout_rooms, uniq_sigmund
D:4:      layout_basic
D:5:      cheibrodos_barr_body, layout_rooms, mainiacjoe_overflow_boulevard,
          kennysheep_mini
D:6:      layout_basic, tso_metal_star, minmay_temple_entry_offerings,
          serial_shops, nicolae_lakefront_shop, nicolae_square_shop, shop, shop,
          nicolae_shop_window_shopping, ebering_ghost_reflecting_pool
D:7:      layout_basic, grunt_dithmenos_smoke, fedhas_ov_isle_minmay,
          uniq_joseph, uniq_menkaure, uniq_duvessa
D:8:      layout_loops_ring, nicolae_vehumet_altar_sigil,
          mainiacjoe_overflow_alcove_4, uniq_maurice, uniq_pikel, uniq_maggie
D:9:      layout_basic, mainiacjoe_overflow_cross_hatched
D:10:     layout_stronghold, dk_yredelemnul_ordeal,
          nicolae_uskayaw_dance_studio, st_stairs_1, uniq_lodul, uniq_urug
D:11:     layout_basic, erik_lair_island, david_orc_2, kennysheep_generic_room_7
D:12:     layout_cave_pods, gauntlet_entry_generic, serial_shops, shop,
          grunt_gozag_statues, uniq_rupert
D:13:     layout_roguey, palyth_stone_intersect, dreamdust_mushroom_princess,
          kennysheep_generic_room_9, uniq_frances, uniq_nessos
D:14:     layout_basic, lightli_vaults_fourway_checkpoint, elyvilon_altar_1
D:15:     grunt_enter_depths_magical_seal, layout_rooms,
          nicolae_trove_entry_crossroad, nicolae_eternal_life,
          hellmonk_guarded_unrand_night, uniq_kirke
Temple:   nicolae_temple_bog_church
Lair:1:   layout_cellular_growth, pdpol_lair_neglected_garden,
          infiniplex_staircase_pool_2
Lair:2:   layout_long_grid, hellmonk_spider_entry_not_the_bees,
          grunt_megastairs_1, lemuel_fruit_fields
Lair:3:   layout_gridlike, swamp_mist_pool, portal_ice_cave_entry_pillars_1,
          infiniplex_staircase_pool
Lair:4:   layout_concentric_octagons
Lair:5:   evil_forest, layout_concentric_octagons, slime_entry_1
Swamp:1:  layout_falls_marsh, evilmike_swamp_ruin_rubble_1
Swamp:2:  layout_basic_swamp, hangedman_swamp_ruin_wall
Swamp:3:  layout_basic_swamp, evilmike_swamp_ruin_house_2, uniq_roxanne,
          uniq_aizul
Swamp:4:  swamp_icy, layout_basic_swamp
Spider:1: layout_spider_delve, uniq_donald
Spider:2: layout_chambers, nicolae_spider_undead_wolf_pack,
          hangedman_spider_tarantella_strand
Spider:3: layout_spider_delve, uniq_mara, uniq_arachne
Spider:4: grunt_spider_rune_circles, nicolae_spider_nook, uniq_agnes
Orc:1:    gammafunk_beogh_shrine, layout_caves, uniq_sonja
Orc:2:    grunt_orc_gardens, layout_diamond_mine, grunt_orc_garden,
          grunt_orc_garden, grunt_orc_garden, grunt_orc_garden,
          guppyfry_orc_lava_fort

Skill      XL: |  1  2  3  4  5  6  7  8  9 10 11 12 13 14 15 16 17 18 |
---------------+-------------------------------------------------------+-----
Spellcasting   | 3 4 5 7 11 | 11.0
Summonings     | 5 6 7 9 12 | 12.4
Hexes          | 2 3 5 |  5.0
Air Magic      | 1 2 4 5 7 11 13 15 | 15.0
Fighting       | 5 7 10 11 12 14 | 14.5
Dodging        | 6 7 11 12 14 | 14.6
Translocations | 3 |  3.5
Transmutations | 5 9 12 14 | 14.1
Unarmed Combat | 4 8 |  8.6
Stealth        | |  2.6

Action                     |  1- 3 |  4- 6 |  7- 9 | 10-12 | 13-15 | 16-18 | 19-21 || total
---------------------------+-------+-------+-------+-------+-------+-------+-------++-------
  Melee: Unarmed           |    27 |    23 |    39 |    26 |    34 |   654 |    59 ||   862
         Constrict         |     9 |     7 |    10 |     5 |     6 |       |       ||    37
         Tentacles         |     6 |     7 |    14 |     7 |     9 |     2 |     1 ||    46
         Punch             |     1 |       |       |       |       |    23 |     6 ||    30
   Cast: Summon Small Mamm |    17 |     8 |    30 |     8 |     7 |       |       ||    70
         Call Imp          |     9 |     7 |    20 |     7 |     6 |       |       ||    49
         Call Canine Famil |     7 |    14 |    43 |    21 |    29 |    10 |       ||   124
         Summon Guardian G |       |     2 |    16 |    22 |    18 |     8 |       ||    66
         Summon Lightning  |       |       |    11 |    16 |    15 |     2 |       ||    44
         Summon Cactus Gia |       |       |       |       |   163 |   138 |    15 ||   316
         Summon Mana Viper |       |       |       |       |   138 |   121 |    11 ||   270
         Summon Forest     |       |       |       |       |    99 |    53 |     6 ||   158
         Storm Form        |       |       |       |       |     3 |   127 |    16 ||   146
 Invoke: Call Merchant     |       |       |       |       |     5 |     2 |       ||     7
Ability: Blinkbolt         |       |       |       |       |       |     2 |       ||     2
  Evoke: Wand              |       |       |       |     2 |     5 |       |       ||     7
    Use: Scroll            |       |       |     7 |    15 |     5 |     8 |       ||    35
         Potion            |       |       |       |     2 |     5 |     2 |       ||     9
   Stab: Sleeping          |     1 |     1 |       |       |       |     7 |       ||     9
         Distracted        |     1 |       |       |       |     1 |    10 |     1 ||    13
 Armour: Skin              |     3 |     1 |     8 |     3 |    17 |   341 |    17 ||   390
  Dodge: Dodged            |    27 |    14 |    40 |    28 |   135 |   939 |    73 ||  1256
  Block: Other             |       |       |    15 |     7 |    32 |   219 |    17 ||   290
         Reflection        |       |       |       |       |     2 |     7 |     1 ||    10

Table legend: (Time is in decaauts)
 A = Elapsed time spent in this place.
 B = Non-inter-level travel time spent in this place.
 C = Inter-level travel time spent in this place.
 D = Time resting spent in this place.
 E = Time spent auto-exploring this place.
 F = Levels seen in this place.
 G = Mean time per level.
                   A        B        C        D        E       F      G
               +--------+--------+--------+--------+--------+-----+--------+
         Total |  54733 |  53179 |   1554 |   9444 |  33570 |  33 | 1658.6 |
       Dungeon |  21755 |  20792 |    963 |   2353 |  14383 |  15 | 1450.3 |
        Temple |    132 |    127 |      5 |      0 |    116 |   1 |  132.0 |
          Lair |  11160 |  10821 |    339 |   2698 |   6542 |   5 | 2232.0 |
         Swamp |   5172 |   5142 |     30 |    769 |   3552 |   4 | 1293.0 |
   Spider Nest |   9352 |   9225 |    127 |   1053 |   6241 |   4 | 2338.0 |
  Orcish Mines |   4789 |   4702 |     87 |   1165 |   2392 |   2 | 2394.5 |
      Ice Cave |    702 |    702 |      0 |    569 |      4 |   1 |  702.0 |
      Gauntlet |   1669 |   1669 |      0 |    837 |    339 |   1 | 1669.0 |
               +--------+--------+--------+--------+--------+-----+--------+

Top non-repeatable levels by time:
  Lair:2: 3597 daAuts
Spider:2: 3226 daAuts
  Lair:5: 3188 daAuts
Spider:4: 2724 daAuts
   Orc:1: 2516 daAuts
   Orc:2: 2272 daAuts
    D:11: 2021 daAuts
    D:12: 1994 daAuts
    D:14: 1956 daAuts
    D:13: 1929 daAuts
    D:10: 1772 daAuts
  Lair:1: 1726 daAuts
Spider:3: 1725 daAuts
Spider:1: 1675 daAuts
Gauntlet: 1669 daAuts
